 Dungeon Crawl Stone Soup version 0.28-a0-984-g3775c662fe (webtiles) character file.

Game seed: 6021444438357909502

2543 demibob the Basher (level 9, -5/61 HPs)
             Began as a Demonspawn Gladiator on Dec 4, 2021.
             Killed by nerve-wracking pain
             ... invoked by an orc priest
              (10 damage)
             ... on level 7 of the Dungeon.
             The game lasted 00:11:27 (6751 turns).

demibob the Basher (Demonspawn Gladiator)           Turns: 6751, Time: 00:11:28

Health: -5/61      AC: 12    Str: 16    XL:     9   Next: 30%
Magic:  9/9        EV: 12    Int: 11    God:
Gold:   320        SH:  4    Dex: 22    Spells: 8/8 levels left

rFire   + . .      SeeInvis .   a - +0 flail (spect)
rCold   . . .      Faith    .   (no shield)
rNeg    . . .      Spirit   .   j - +1 ring mail
rPois   .          Reflect  .   (helmet restricted)
rElec   .          Harm     .   (no cloak)
rCorr   .          Rampage  .   (no gloves)
Will    .....                   (no boots)
Stlth   +.........              k - amulet of the acrobat
HPRegen 0.20/turn               F - ring of protection from fire
MPRegen 0.11/turn               D - +6 ring of dexterity

@: no status effects
A: horns 2, yellow scales 1, icemail 1, condensation shield
a: no special abilities


You were on level 7 of the Dungeon.
You visited 1 branch of the dungeon, and saw 7 of its levels.

You collected 320 gold pieces.


Innate Abilities, Weirdness & Mutations

You have a pair of horns on your head.
You are partially covered in yellow scales. (AC +2)
A meltable icy envelope protects you from harm. (AC +4)
A meltable shield of frost defends you. (SH +4)


   Skills:
 - Level 2.0 Fighting
 + Level 11.7 Maces & Flails
 - Level 1.7 Throwing
 + Level 1.7 Armour
 - Level 2.6 Dodging


You had 8 spell levels left.
You didn't know any spells.
Your spell library contained the following spells:

 Spells                   Type           Power      Damage    Failure   Level
 Slow                     Hex            0%         N/A       54%         1
 Passwall                 Tmut/Erth      0%         N/A       69%         2
 Static Discharge         Conj/Air       0%         N/A       69%         2
 Confusing Touch          Hex            0%         N/A       89%         3
 Portal Projectile        Hex/Tloc       0%         N/A       89%         3
 Swiftness                Air            0%         N/A       89%         3
 Dispel Undead            Necr           0%         3d6       100%        4
 Sticky Flame             Conj/Fire      0%         2d3       100%        4
 Blade Hands              Tmut           0%         N/A       100%        5
 Excruciating Wounds      Necr           0%         N/A       100%        5
 Yara's Violent Unravell  Hex/Tmut       0%         3d3       100%        5

Inventory:

Hand Weapons
 a - a +0 spectral flail (weapon)
 n - a +3 hand axe of flaming
Missiles
 d - 2 throwing nets {=f}
 o - 2 curare-tipped darts (quivered) {=f}
Armour
 b - a +0 leather armour
 c - a +0 helmet
 f - a +2 cloak
 j - a +1 ring mail (worn)
 v - a +2 plate armour of cold resistance
Jewellery
 k - an amulet of the acrobat (around neck)
 q - an amulet of guardian spirit
 D - a +6 ring of dexterity (right hand)
 F - a ring of protection from fire (left hand)
Wands
 u - a wand of flame (20)
Scrolls
 e - a scroll of amnesia
 h - a scroll of blinking
 l - 3 scrolls of magic mapping
 w - a scroll of enchant armour
 y - a scroll of teleportation {@r2}
Potions
 g - 3 potions of brilliance
 i - a potion of lignification
 m - a potion of flight
 p - a potion of attraction
 r - a potion of cancellation {unknown}
 s - a potion of mutation
 t - 2 potions of curing {@q1}
 x - a potion of heal wounds {@q2}

Dungeon Overview and Level Annotations

Branches:
Dungeon (7/15)
 Temple: D:4-7

Altars:
Okawaru

Shops:
D:1 ?(   D:5 *

Annotations:
D:3 1 runed translucent door, Crazy Yiuf
D:5 2 runed translucent doors

##..# ##..##
##########...#
#.....##....##
#.)....[...##
#(........##
#........##
#....#####
#.(.{@#.######
#...ol.o......
##.....ยง......
##...........
##..........
#..<.......
#...)......
#...........
#..###.....#


You could see an orc warrior (ally target), an iguana, an orc priest and a
friendly +0 spectral flail (summoned).


Message History

Beogh smites you!
The orc warrior hits you with a +0 battleaxe!
* * * LOW HITPOINT WARNING * * *
The orc warrior hits your +0 spectral flail but does no damage.
The iguana closely misses your +0 spectral flail.
You hit the orc warrior. You headbutt the orc warrior.
The orc warrior is severely wounded.
Your +0 spectral flail hits the orc warrior.
Unknown command.
Aiming: Throw Flame
Press: ? - help, Shift-Dir - straight line, f - orc warrior
Aim: an orc warrior, wielding a +0 battleaxe and wearing a +0 plate armour (severely wounded, ally target, 68% to hit)
The puff of flame misses the orc warrior.
The orc warrior shouts!
The orc priest mumbles some strange prayers to Beogh against you.
Beogh smites you!
* * * LOW HITPOINT WARNING * * *
You hit the orc warrior but do no damage.
You headbutt the orc warrior, but do no damage.
The orc warrior is severely wounded.
Your +0 spectral flail misses the orc warrior.
The iguana barely misses you.
The orc warrior hits you with a +0 battleaxe.
* * * LOW HITPOINT WARNING * * *
The orc warrior hits your +0 spectral flail with a +0 battleaxe!
Your spectral weapon shares its damage with you!
* * * LOW HITPOINT WARNING * * *
The orc priest invokes the aid of Beogh against you.
Pain shoots through your body!
You die...

Skill      XL: |  1  2  3  4  5  6  7  8  9 |
---------------+----------------------------+-----
Maces & Flails | 3 4 5 6 7 9 11 | 11.7
Armour         | 1 |  1.7
Fighting       | |  2.0
Throwing       | |  1.7
Dodging        | |  2.6

Action                   |  1- 3 |  4- 6 |  7- 9 || total
-------------------------+-------+-------+-------++-------
Melee: Flail             |    99 |    57 |   163 ||   319
       Headbutt          |     6 |    10 |    42 ||    58
Throw: Dart              |     3 |     2 |       ||     5
       Throwing net      |     1 |     2 |       ||     3
Evoke: Wand              |       |     3 |     1 ||     4
  Use: Scroll            |     1 |     7 |     7 ||    15
       Potion            |       |     1 |     1 ||     2
 Stab: Sleeping          |     1 |       |       ||     1
       Distracted        |       |       |     1 ||     1
Armor: Leather armour    |    39 |     9 |       ||    48
       Ring mail         |       |     4 |    45 ||    49
Dodge: Dodged            |    70 |    32 |    61 ||   163
Block: Other             |       |     6 |    12 ||    18

Levels and vault maps discovered:
D:1:      eino_arrival_druids_welcome, layout_basic, serial_shops,
          nicolae_shop_advertising_works [nicolae_subvault_shop_adworks], shop,
          ebering_ecumenical_altar_mist, minmay_domino_2
D:2:      layout_basic, basic_altar
D:3:      layout_loops_ring, uniq_crazy_yiuf_cottage
D:4:      layout_layer_cave, minmay_starry_boxes
D:5:      layout_rooms, nicolae_alphabet_shops, minmay_hollow_rounded_squares
D:6:      layout_loops_ring
D:7:      layout_layer_cave, minmay_temple_entry_junction

Notes
Turn   | Place    | Note
-------+----------+-------------------------------------------
     0 | D:1      | demibob the Demonspawn Gladiator began the quest for the
                  | Orb.
     0 | D:1      | Reached XP level 1. HP: 16/16 MP: 1/1
    13 | D:1      | Found a faded altar of an unknown god.
   163 | D:1      | Found Caroro's Antique Weapon Shoppe.
   312 | D:1      | Found Hauwobb's Magic Scroll Boutique.
   319 | D:1      | Reached skill level 3 in Maces & Flails
   545 | D:1      | Gained mutation: You are partially covered in yellow
                  | scales. (AC +2) [demonic ancestry]
   545 | D:1      | Reached XP level 2. HP: 22/22 MP: 2/2
  1443 | D:2      | Found an iron altar of Okawaru.
  1641 | D:2      | Gained mutation: You have a pair of small horns on your
                  | head. [demonic ancestry]
  1641 | D:2      | Reached XP level 3. HP: 27/27 MP: 3/3
  1916 | D:3      | Reached skill level 4 in Maces & Flails
  2225 | D:3      | Reached XP level 4. HP: 33/33 MP: 4/4
  2363 | D:3      | Found a runed translucent door.
  2364 | D:3      | Noticed Crazy Yiuf
  2820 | D:4      | Noticed a black bear
  2832 | D:4      | Killed a black bear
  2833 | D:4      | Reached skill level 5 in Maces & Flails
  2833 | D:4      | Gained mutation: A meltable shield of frost defends you.
                  | (SH +4) [demonic ancestry]
  2833 | D:4      | Reached XP level 5. HP: 38/38 MP: 5/5
  2986 | D:4      | Noticed an ogre
  2995 | D:4      | Killed an ogre
  2996 | D:4      | Reached skill level 6 in Maces & Flails
  2996 | D:4      | Gained mutation: You have a pair of horns on your head.
                  | [demonic ancestry]
  2996 | D:4      | Reached XP level 6. HP: 42/44 MP: 6/6
  3289 | D:4      | Noticed an ice beast
  3292 | D:4      | Noticed a wyvern
  3299 | D:4      | Killed an ice beast
  3304 | D:4      | Killed a wyvern
  3305 | D:4      | Reached skill level 7 in Maces & Flails
  3305 | D:4      | Reached XP level 7. HP: 10/50 MP: 7/7
  3944 | D:5      | Entered Level 5 of the Dungeon
  4041 | D:5      | Reached skill level 8 in Maces & Flails
  4345 | D:5      | Found Faso's Fabulous Fripperies.
  4486 | D:5      | Found a large runed translucent door.
  4486 | D:5      | Found a large runed translucent door.
  4494 | D:5      | Reached skill level 9 in Maces & Flails
  4494 | D:5      | Gained mutation: A meltable icy envelope protects you from
                  | harm. (AC +4) [demonic ancestry]
  4494 | D:5      | Reached XP level 8. HP: 56/56 MP: 8/8
  4766 | D:5      | Found a large runed translucent door.
  4766 | D:5      | Found a large runed translucent door.
  4786 | D:5      | Found the +8 orange crystal plate armour {Archmagi, Int+3
                  | Clar}
  4984 | D:5      | Reached skill level 10 in Maces & Flails
  5254 | D:6      | Noticed a troll
  5277 | D:6      | Killed a troll
  5278 | D:6      | Reached skill level 11 in Maces & Flails
  5511 | D:6      | Reached XP level 9. HP: 61/61 MP: 9/9
  6553 | D:7      | Reached skill level 1 in Armour
  6751 | D:7      | HP: 5/61 [orc warrior (5)]
  6751 | D:7      | Killed from afar by an orc priest

Vanquished Creatures
  A troll (D:6)
  A wyvern (D:4)
  A vampire (D:5)
  3 water moccasins
  A black bear (D:4)
  A sky beast (D:6)
  2 ice beasts
  2 ogres
  A centaur (D:5)
  A phantom (D:7)
  3 kobold brigands
  2 bullfrogs (D:6)
  3 scorpions (D:5)
  A water moccasin skeleton (D:6)
  A bullfrog zombie (D:5)
  An orc priest (D:3)
  A centaur zombie (D:5)
  A hound (D:5)
  2 jellies
  An iguana (D:5)
  2 orc wizards (D:5)
  A hound zombie (D:5)
  2 hound skeletons
  6 adders
  2 shadow imps
  An ufetubus (D:4)
  A worm (D:2)
  An adder skeleton (D:4)
  15 orcs
  10 ball pythons
  2 bats
  6 endoplasms
  2 goblins
  4 hobgoblins
  7 jackals
  16 kobolds
  6 frilled lizards
  2 rats (D:1)
116 creatures vanquished.

Table legend: (Time is in decaauts)
 A = Elapsed time spent in this place.
 B = Non-inter-level travel time spent in this place.
 C = Inter-level travel time spent in this place.
 D = Time resting spent in this place.
 E = Time spent auto-exploring this place.
 F = Levels seen in this place.
 G = Mean time per level.
                   A        B        C        D        E       F      G
               +--------+--------+--------+--------+--------+-----+--------+
         Total |   6768 |   6595 |    173 |   1477 |   4249 |   7 |  966.9 |
       Dungeon |   6768 |   6595 |    173 |   1477 |   4249 |   7 |  966.9 |
               +--------+--------+--------+--------+--------+-----+--------+

Top non-repeatable levels by time:
     D:5: 1508 daAuts
     D:1: 1300 daAuts
     D:4: 1270 daAuts
     D:6: 889 daAuts
     D:3: 857 daAuts
     D:2: 543 daAuts
     D:7: 400 daAuts

Table legend:
 A = Non-vault XP
 B = Vault XP
 C = Vault XP percentage of total XP
 D = Non-vault monster count
 E = Vault monster count
 F = Vault count percentage of total count
                 A         B        C        D         E       F
            +---------+---------+-------+---------+---------+-------
      Total |    2545 |    1089 |  30.0 |      95 |      21 |  18.1
            +---------+---------+-------+---------+---------+-------
        D:1 |      22 |       3 |  12.0 |      12 |       2 |  14.3
        D:2 |      22 |       0 |   0.0 |      11 |       0 |   0.0
        D:3 |      84 |       0 |   0.0 |      16 |       0 |   0.0
        D:4 |     314 |     380 |  54.8 |      17 |       8 |  32.0
        D:5 |     594 |     706 |  54.3 |      10 |      11 |  52.4
        D:6 |    1208 |       0 |   0.0 |      16 |       0 |   0.0
        D:7 |     301 |       0 |   0.0 |      13 |       0 |   0.0
            +---------+---------+-------+---------+---------+-------
